 Dungeon Crawl Stone Soup version 0.17.1-1-g73c8601 (webtiles) character file.

95 JustSomeDude the Insei (level 4, -2/35 HPs)
             Began as a Demonspawn Monk on Dec 23, 2015.
             Slain by a worm (6 damage)
             ... on level 2 of the Dungeon.
             The game lasted 00:04:45 (1979 turns).

JustSomeDude the Insei (Demonspawn Monk)            Turns: 1979, Time: 00:04:45

Health: -2/35      AC:  8    Str: 11      XL:     4   Next: 39%
Magic:  4/4        EV: 11    Int: 12      God:
Gold:   103        SH:  0    Dex: 13 (16) Spells: 0 memorised, 3 levels left

rFire  . . .     SeeInvis .       - Unarmed
rCold  + . .     Clarity  .     j - +0 ring mail
rNeg   . . .     SustAt   .     (no shield)
rPois  .         Gourm    .     q - +2 helmet
rElec  .         Spirit   .     (no cloak)
rCorr  .         Warding  .     (no gloves)
rMut   .         Stasis   .     (no boots)
MR     .....                    (no amulet)
Stlth  +.........               (no ring)
                                (no ring)

@: flying, very slightly contaminated, hasted, very quick, not resistant to
hostile enchantments, very unstealthy
A: claws 1, cold resistance 1
a: no special abilities


You were on level 2 of the Dungeon.
You were not hungry.

You visited 1 branch of the dungeon, and saw 3 of its levels.

You collected 103 gold pieces.

Inventory:

Missiles
 k - 37 stones (quivered)
Armour
 a - a +0 robe
 j - a +0 ring mail (worn)
 q - a +2 helmet (worn)
Jewellery
 h - an uncursed ring of see invisible
Scrolls
 c - 3 scrolls of identify
 f - 2 scrolls of remove curse
 l - a scroll of teleportation {unknown}
 n - a scroll of blinking {unknown}
 o - 2 scrolls of immolation {unknown}
 r - a scroll of enchant armour {unknown}
Potions
 g - a potion of haste
Comestibles
 b - a bread ration
 p - a meat ration


   Skills:
 + Level 3.5 Fighting
 + Level 1.1 Armour
 + Level 3.5 Dodging
 + Level 1.8 Stealth
 + Level 4.2 Unarmed Combat


You had 3 spell levels left.
You didn't know any spells.

Dungeon Overview and Level Annotations

Branches:
Dungeon (3/15)

Altars:
Elyvilon
Gozag
Okawaru
Ru
Sif Muna


Innate Abilities, Weirdness & Mutations

You have sharp fingernails.
Your flesh is cold resistant.


Message History

You completely miss the gnoll.
The gnoll is lightly wounded.
You scratch the gnoll.
The gnoll is moderately wounded.
The gnoll closely misses you.
You claw the gnoll!
The gnoll is severely wounded.
The gnoll closely misses you. The worm bites you.
* * * LOW HITPOINT WARNING * * *
You scratch the gnoll.
You kill the gnoll!
You scratch the worm but do no damage. The worm bites you.
* * * LOW HITPOINT WARNING * * *
You barely miss the worm. You claw the worm!
The worm is moderately wounded.
You barely miss the worm.
The worm is moderately wounded.
The worm bites you.
You die...

..## #####.#### #.# ##.. ...##
##.###.# ##.## ##...
....####...##.########...####....
....+.......................'....
....####..................###....
...## ##.###.##..##..#.#.# ##...
..## #......#..##..###.# ##.. .##
#......#).##..# #.# ##. ##
#......#@.##..# #.# ## #
#......#w)##..# #.# # #
#......#..##..# #.# # ##
#.##.###..##..###.# ## .##
#.................# ##.
..##########.#####.##.##.## #..
.###.......#.# #.##.##.# ##. ##
#.#####.#.# #.##.##.########
####.##......# #.##............


You could see a worm.

Vanquished Creatures
  3 gnolls (D:2)
  2 worms
  4 giant geckos
  10 bats
  4 giant cockroaches
  8 hobgoblins
  4 jackals (D:1)
  6 kobolds
  4 giant newts
  5 goblins
  A quokka (D:2)
  7 rats
58 creatures vanquished.

Notes
Turn   | Place    | Note
--------------------------------------------------------------
     0 | D:1      | JustSomeDude the Demonspawn Monk began the quest for the Orb.
     0 | D:1      | Reached XP level 1. HP: 18/18 MP: 1/1
   119 | D:1      | Gained mutation: You have sharp fingernails. [demonic ancestry]
   119 | D:1      | Reached XP level 2. HP: 8/24 MP: 2/2
   814 | D:1      | Reached XP level 3. HP: 24/29 MP: 3/3
   844 | D:1      | Reached skill level 4 in Unarmed Combat
   974 | D:2      | Found a sacrificial altar of Ru.
   999 | D:2      | Found an iron altar of Okawaru.
  1019 | D:2      | Found a deep blue altar of Sif Muna.
  1026 | D:2      | Found an opulent altar of Gozag.
  1055 | D:2      | Found a white marble altar of Elyvilon.
  1855 | D:2      | Reached skill level 1 in Armour
  1855 | D:2      | Gained mutation: Your flesh is cold resistant. [demonic ancestry]
  1855 | D:2      | Reached XP level 4. HP: 24/35 MP: 4/4
  1979 | D:2      | Slain by a worm

Action                   |  1- 3 |  4- 6 || total
-------------------------+-------+-------++-------
Melee: Unarmed           |   187 |    18 ||   205
Throw: Stone             |    10 |       ||    10
  Use: Scroll            |     3 |       ||     3
       Potion            |       |     5 ||     5
 Stab: Sleeping          |     5 |       ||     5
  Eat: Chunk             |     1 |       ||     1
       Pizza             |       |     2 ||     2
